 Dungeon Crawl Stone Soup version 0.31-a0-117-g42d8f58691 (webtiles) character file.

Game seed: 14945962027271263731

478749 Drazool the Crack Shot (level 23, -4/133 HPs)
             Began as a Spriggan Hunter on May 30, 2023.
             Was the Champion of Fedhas.
             Slain by a death cob (9 damage)
             ... on level 3 of the Realm of Zot.
             The game lasted 04:45:04 (59452 turns).

Drazool the Crack Shot (Spriggan Hunter)           Turns: 59452, Time: 04:45:04

Health: -4/133     AC:  7    Str:  5    XL:     23   Next: 37%
Magic:  34/37      EV: 50    Int: 15    God:    Fedhas [******]
Gold:   3100       SH:  0    Dex: 38    Spells: 10/22 levels left

rFire   + . .        s - +8 orcbow (heavy)
rCold   + . .        (shield currently unavailable)
rNeg    . . .        E - +2 robe {rC+}
rPois   +            (helmet restricted)
rElec   +            V - +2 cloak "Qousocra" {rPois Regen+ Str-2 Slay+5}
rCorr   .            (gloves unavailable)
SInv    +            (boots unavailable)
Will    ++++.        C - amulet of Jemiagi {Harm rElec Regen+}
Stlth   ++++++++     f - ring of Kutoes {Fire Dex+5}
HPRegen 2.02/turn    D - ring "Zafek" {rC+ Int+3 Dex+5}
MPRegen 0.25/turn

%: harm (+30% outgoing, +20% incoming)
@: slowed, quick
A: very small, no large weapons, unfitting armour, see invisible, speed 3
}: 3/15 runes: decaying, abyssal, gossamer
a: Renounce Religion, Wall of Briars, Grow Ballistomycete, Overgrow, Grow Oklob


You were on level 3 of the Realm of Zot.
You worshipped Fedhas.
Fedhas was exalted by your worship.
You visited 10 branches of the dungeon, and saw 44 of its levels.
You visited the Abyss 1 time.
You also visited: Ice Cave.

You collected 5064 gold pieces.
You spent 1964 gold pieces at shops.


Innate Abilities, Weirdness & Mutations

You are very small and have problems with some larger weapons.
You are too small for most types of armour.
You have supernaturally acute eyesight. (SInv)
You cover ground extremely quickly. (Speed+++)


   Skills:
 - Level 17.9 Fighting
 + Level 23.2 Ranged Weapons
 - Level 18.5 Dodging
 - Level 16.5 Stealth
 + Level 18.3 Hexes
 - Level 9.1 Translocations
 - Level 18.0 Invocations
 - Level 10.7 Evocations


You had 10 spell levels left.
You knew the following spells:

 Your Spells              Type           Power      Damage    Failure   Level
o - Portal Projectile     Hex/Tloc       82%        N/A       1%          3
B - Blink                 Tloc           54%        N/A       1%          2
X - Enfeeble              Hex            26%        N/A       13%         7

Your spell library contained the following spells:

 Spells                   Type           Power      Damage    Failure   Level
 Slow                     Hex            100%       N/A       0%          1
 Ensorcelled Hibernation  Hex/Ice        54%        N/A       1%          2
 Confusing Touch          Hex            53%        N/A       1%          3
 Inner Flame              Hex/Fire       41%        N/A       1%          3
 Cause Fear               Hex            26%        N/A       1%          4
 Anguish                  Hex/Necr       13%        N/A       6%          4
 Leda's Liquefaction      Hex/Erth       13%        N/A       6%          4
 Manifold Assault         Tloc           27%        N/A       6%          4
 Summon Mana Viper        Hex/Summ       27%        N/A       19%         5
 Yara's Violent Unravell  Hex/Tmut       13%        3d7       19%         5
 Beastly Appendage        Tmut           0%         N/A       26%         1
 Kiss of Death            Conj/Necr      0%         2d5       26%         1
 Magic Dart               Conj           0%         1d3       26%         1
 Sting                    Tmut/Pois      0%         1d3       26%         1
 Call Imp                 Summ           0%         N/A       38%         2
 Poisonous Vapours        Pois/Air       0%         N/A       38%         2
 Sublimation of Blood     Necr           0%         N/A       38%         2
 Wereblood                Tmut           0%         N/A       38%         2
 Call Canine Familiar     Summ           0%         N/A       63%         3
 Hailstorm                Conj/Ice       0%         3d3       63%         3
 Ignite Poison            Fire/Tmut/Pois 0%         N/A       63%         3
 Mephitic Cloud           Conj/Pois/Air  0%         N/A       63%         3
 Ozocubu's Armour         Ice            0%         N/A       63%         3
 Spider Form              Tmut/Pois      0%         N/A       63%         3
 Vampiric Draining        Necr           0%         2d6       63%         3
 Summon Forest            Summ/Tloc      6%         N/A       75%         5
 Dispel Undead            Necr           0%         3d6       95%         4
 Ice Form                 Ice/Tmut       0%         N/A       95%         4
 Olgreb's Toxic Radiance  Pois           0%         N/A       95%         4
 Sticky Flame             Conj/Fire      0%         2d3       95%         4
 Alistair's Intoxication  Tmut/Pois      0%         N/A       100%        5
 Borgnjor's Vile Clutch   Necr/Erth      0%         N/A       100%        5
 Eringya's Noxious Bog    Tmut/Pois      0%         N/A       100%        6
 Simulacrum               Ice/Necr       0%         N/A       100%        6
 Summon Cactus Giant      Summ           0%         N/A       100%        6
 Dragon Form              Tmut           0%         N/A       100%        7
 Ozocubu's Refrigeration  Ice            0%         4d7       100%        7
 Storm Form               Tmut/Air       0%         N/A       100%        7
 Summon Hydra             Summ           0%         N/A       100%        7
 Ignition                 Fire           0%         3d3       100%        8
 Dragon's Call            Summ           0%         N/A       100%        9

Inventory:

Hand Weapons
 g - a +4 shortbow of electrocution
 s - a +8 heavy orcbow (weapon)
Missiles
 a - a throwing net {=f}
 y - 13 curare-tipped darts {=f}
 A - 7 boomerangs of dispersal {=f}
Armour
 e - a scarf of harm
 E - a +2 robe of cold resistance (worn)
 V - the +2 cloak "Qousocra" (worn) {rPois Regen+ Str-2 Slay+5}
   (You acquired it on level 1 of the Depths)

   Str:       It affects your strength (-2).
   Slay:      It affects your accuracy & damage with ranged weapons and melee
   (+5).
   rPois:     It protects you from poison.
   Regen:     It increases your rate of health regeneration.
Jewellery
 c - a ring of protection from cold
 d - a +6 ring of dexterity
 f - the ring of Kutoes (left hand) {Fire Dex+5}
   (You found it on level 9 of the Dungeon)

   [ring of fire]

   It enhances your fire magic.
   Dex:       It affects your dexterity (+5).
   rF:        It protects you from fire.
   rC:        It makes you vulnerable to cold.
 C - the amulet of Jemiagi (around neck) {Harm rElec Regen+}
   (You bought it in a shop on level 1 of the Vaults)

   [amulet of regeneration]

   rElec:     It insulates you from electricity.
   Regen:     It increases your rate of health regeneration.
   Harm:      It increases damage dealt and taken.
 D - the ring "Zafek" (right hand) {rC+ Int+3 Dex+5}
   (You took it off a meliai on level 1 of the Spider Nest)

   [ring of protection from cold]

   Int:       It affects your intelligence (+3).
   Dex:       It affects your dexterity (+5).
   rC:        It protects you from cold.
 F - a ring of protection from fire
 L - the ring "Nyut" {Fly rPois rF++ Int-4}
   (You found it on level 2 of the Depths)

   [ring of flight]

   Int:       It affects your intelligence (-4).
   rF:        It greatly protects you from fire.
   rPois:     It protects you from poison.
   Fly:       It grants you flight.
Wands
 p - a wand of charming (36)
 u - a wand of polymorph (26)
 x - a wand of digging (27)
 J - a wand of roots (24)
 M - a wand of quicksilver (31)
 Q - a wand of flame (76)
 Z - a wand of mindburst (29)
Scrolls
 b - 6 scrolls of immolation
 i - 15 scrolls of teleportation {@r2}
 m - 9 scrolls of magic mapping
 n - 8 scrolls of enchant armour
 q - 2 scrolls of fear
 r - 4 scrolls of poison
 t - 4 scrolls of butterflies
 B - 2 scrolls of silence {!r}
 G - 7 scrolls of fog
 N - 2 scrolls of blinking
 P - 17 scrolls of identify {@r1}
 T - 5 scrolls of vulnerability
Potions
 h - 5 potions of heal wounds {@q2}
 j - 20 potions of curing {@q1}
 k - 6 potions of mutation
 l - 5 potions of haste {@q3}
 o - 5 potions of lignification
 v - 4 potions of enlightenment
 z - 6 potions of might
 H - 3 potions of ambrosia
 K - 4 potions of magic
 R - a potion of cancellation
 S - 7 potions of brilliance
 U - 2 potions of resistance
 X - 4 potions of invisibility
Miscellaneous
 w - a condenser vane
 I - a piece from Xom's chessboard (15/15)
 O - a box of beasts
 W - a phial of floods
 Y - a lightning rod (4/4)

Dungeon Overview and Level Annotations

Branches:
Dungeon (15/15)            Temple (1/1) D:6            Lair (5/5) D:10
  Swamp (4/4) Lair:3       Spider (4/4) Lair:2        Slime (0/5) Lair:5
    Orc (2/2) D:11            Elf (1/3) Orc:2        Vaults (4/5) D:13
  Crypt (0/3) Vaults:3     Depths (4/4) D:15            Zot (4/5) Depths:4
  IceCv (visited)

Altars:
Ashenzari
Cheibriados
Dithmenos
Elyvilon
Fedhas
Gozag
Hepliaklqana
Kikubaaqudgha
Makhleb
Nemelex Xobeh
Okawaru
Qazlal
Ru
Sif Muna
Trog
Uskayaw
Vehumet
Wu Jian
Xom
Yredelemnul
Zin
The Shining One
Jiyva

Shops:
D:1 [([   D:10 [   Orc:2 (:??   Vaults:1 =   Vaults:2 =[?(   Vaults:4 *
Depths:2 *[   Depths:4 (

Portals:
Hell: Lair:5 Depths:1 Depths:2 Depths:3 Depths:4
Abyss: Depths:1 Depths:3
Pandemonium: Depths:2
Ziggurat: Depths:1

Annotations:
D:2 Sigmund
D:6 1 runed translucent door, Crazy Yiuf
D:11 1 runed translucent door, exclusion: killer bee, ZoeForever1's ghost, journeyman DEAE
D:13 4 transporters
Lair:2 1 runed translucent door
Vaults:1 1 runed translucent door

##.....# #..............###.
#####....### #...##........###.#
..# #......# #######.......##.##
..###......#########........#.##
.........................#...##
........................##..##
..............P>P........#..###
#...#.........PzP##.^.........#
#▒▒▒▒▒##......PP@##...........#
▒▒.8.▒▒.......................##
▒.....▒................#.......#
▒8.<.8▒...##..........####.....#
▒.....▒#####.........## #..>..#
▒▒...▒▒ #..........## #..####
▒▒▒'▒▒▒ ▒▒▒▒▒▒▒##......###..#
▒.....▒▒▒.....▒▒#.......##..##
.▒...▒.▒.▒▒▒▒▒.▒.........#...#


You could see a death cob (ally target).


Message History

The moth of wrath looks even sicker.
You climb upwards.
There is a stone staircase leading down here.
The death cob hits you! The death cob drains your vigour!
You feel yourself slow down.
You shoot an arrow.
The arrow hits the death cob but does no damage.
The death cob completely misses you. x3; The death cob misses you.
You shoot an arrow. The arrow misses the death cob.
The death cob hits you! The death cob drains your vigour!
You feel as though you will be slow longer.
The death cob closely misses you. The death cob completely misses you. x2
You shoot an arrow. The arrow barely misses the death cob.
The death cob hits you!! The death cob completely misses you. x2
The death cob misses you.
Use which ability? (? or * to list)
A briar patch grows up from the ground. x7
The death cob completely misses you. The death cob hits you!!
* * * LOW HITPOINT WARNING * * *
The death cob drains your vigour!
You feel as though you will be slow longer.
The death cob hits you!!
* * * LOW HITPOINT WARNING * * *
The death cob drains your vigour!
You feel as though you will be slow longer.
You walk carefully through the plants.
The death cob hits you!!
* * * LOW HITPOINT WARNING * * *
The death cob misses you. The death cob hits you!
You die...
Fedhas appreciates your contribution to the ecosystem.

Skill      XL: |  1  2  3  4  5  6  7  8  9 10 11 12 13 14 15 16 17 18 19 20 21 22 23 |
---------------+----------------------------------------------------------------------+-----
Ranged Weapons | 5 6 7 8 10 12 14 16 17 18 19 20 22 23 | 23.2
Fighting       | 3 7 9 11 12 13 15 16 17 | 17.9
Invocations    | 4 6 9 11 13 15 17 18 | 18.0
Dodging        | 6 10 11 13 17 18 | 18.5
Stealth        | 5 8 9 11 15 16 | 16.5
Evocations     | 6 10 | 10.7
Translocations | 9 |  9.1
Hexes          | 6 13 17 18 | 18.3

Action                     |  1- 3 |  4- 6 |  7- 9 | 10-12 | 13-15 | 16-18 | 19-21 | 22-24 || total
---------------------------+-------+-------+-------+-------+-------+-------+-------+-------++-------
   Fire: Shortbow          |    72 |    22 |   226 |       |       |       |       |       ||   320
         Orcbow            |    22 |    77 |   108 |   438 |  1064 |  1087 |  1153 |   693 ||  4642
  Throw: Dart              |       |       |       |       |     1 |       |       |       ||     1
   Cast: Portal Projectile |       |       |       |       |       |       |       |     1 ||     1
 Invoke: Wall of Briars    |       |       |       |     5 |     4 |    30 |    30 |     7 ||    76
         Grow Ballistomyce |       |       |       |       |     1 |     1 |       |       ||     2
         Grow Oklob        |       |       |       |       |     3 |     9 |    11 |     3 ||    26
  Evoke: Wand              |       |       |       |       |       |     1 |       |     1 ||     2
         Lightning rod     |       |       |       |       |       |     1 |       |       ||     1
    Use: Scroll            |     5 |     4 |     7 |     5 |    21 |    15 |     8 |     3 ||    68
         Potion            |       |       |       |       |       |     5 |     1 |     1 ||     7
 Armour: Robe              |     2 |     1 |     4 |    11 |     2 |    15 |     7 |     5 ||    47
  Dodge: Dodged            |    29 |    17 |    22 |   155 |   218 |   462 |   206 |   259 ||  1368

Levels and vault maps discovered:
D:1:      minmay_arrival_stair_chambers, layout_rooms,
          hellmonk_ecumenical_altar_arch_garden, serial_shops,
          nicolae_shop_trees, shop, shop
D:2:      layout_rooms, basic_altar, corner_web_ring, uniq_sigmund
D:3:      layout_loops_ring
D:4:      nicolae_cairo_tiling, layout_rooms, tso_altar, corexii_shack
D:5:      layout_basic, lemuel_coloured_pillars_altar,
          gammafunk_ghost_nasty_kobolds, uniq_edmund, uniq_pikel, uniq_ijyb,
          uniq_blork_the_orc
D:6:      layout_loops_corners, minmay_temple_entry_fiery,
          dreamdust_mushroom_princess, uniq_crazy_yiuf_cottage
D:7:      layout_rooms
D:8:      layout_cave_pools, makhleb_grotto_becter, ebering_ghost_rock_garden
D:9:      layout_loops_ring, mainiacjoe_overflow_surrounded_room
D:10:     nzn_winding_woodlands_medium [nzn_winding_woodlands_5x5_open_star,
          nzn_winding_woodlands_5x15_lazy_stream,
          nzn_winding_woodlands_5x5_perimeter,
          nzn_winding_woodlands_5x5_checkerboard,
          nzn_winding_woodlands_center_garden, nzn_winding_woodlands_5x5_cross,
          nzn_winding_woodlands_hourglass,
          nzn_winding_woodlands_5x15_split_checker,
          nzn_winding_woodlands_5x5_default], layout_cave_pools,
          nicolae_wu_jian_glorious_leap, david_lair_shrubbed, serial_shops,
          nicolae_stop_n_shop_1
D:11:     layout_basic, orc_0_dummy, ebering_ghost_reflecting_pool, special_room
          [special_room_bee], hangedman_tell_no_tales
D:12:     layout_basic, portal_ice_cave_rime
D:13:     layout_roguey, david_vaults_4, nicolae_transporter_circle
D:14:     layout_loops_ring, cheibrodos_ashenzari_chains,
          kennysheep_just_a_vault, uniq_lodul
D:15:     gammafunk_depths_entry_grave, layout_rooms, serial_park_tiny_1
Temple:   sentei_temple_godly_chess
Lair:1:   layout_roguey, grunt_megastairs_5, serial_bayou_shore_b
Lair:2:   layout_misc_corridors, nicolae_spider_entry_non_spiders,
          pdpol_lair_cabin_in_the_woods, grunt_megastairs_2,
          serial_bayou_shore_a, uniq_urug
Lair:3:   layout_cave_shapes, minmay_swamp_entry_eels, lemuel_fruit_fields,
          serial_bayou_shore_b, lemuel_fruit_tree, uniq_kirke
Lair:4:   layout_long_grid, uniq_snorg
Lair:5:   evil_forest, layout_regular_city, nicolae_slime_entry_field_trip,
          eino_small_chamber_without_monster, tgw_fedhas
Swamp:1:  nicolae_swamp_standing_stones, layout_falls_marsh,
          evilmike_swamp_ruin_house_2, infiniplex_staircase_pool
Swamp:2:  cheibrodos_swamp_heart_of_darkness, layout_basic_swamp,
          serial_swamp_ruin, hangedman_swamp_ruin_wall,
          evilmike_swamp_ruin_house_4, evilmike_swamp_ruin_house_6, uniq_donald,
          uniq_aizul, uniq_frances
Swamp:3:  layout_falls_marsh, evilmike_swamp_ruin_house_1, uniq_mara
Swamp:4:  swamp, layout_basic_swamp
Spider:1: layout_spider_delve
Spider:2: layout_spider_delve, drop_trap, nicolae_spider_solar_radiation
Spider:3: layout_spider_delve, nicolae_spider_altar_of_dancing, uniq_asterion,
          uniq_azrael
Spider:4: guppyfry_spider_rune
Orc:1:    layout_caves, mines3_lemuel
Orc:2:    kennysheep_orc_mage_school, layout_diamond_mine, uniq_sonja
Elf:1:    eino_elf_arrival_sip, layout_loops_ring,
          gammafunk_ghost_fury_of_okawaru, minmay_elf_annihilation,
          feat_on_display
Vaults:1: vaults_dpeg_doors, hangedman_vaults_river_flow, nicolae_vaults_swerve,
          hangedman_vaults_capsules, nicolae_vaults_yaktaur_gun_rack,
          hangedman_vaults_restitches, v_rooms_6, vaults_mumra_hex,
          nicolae_vaults_oozy_zoo, nicolae_vaults_diamond_2,
          nicolae_vaults_tetromino_L_1, layout_vaults_ring, serial_shops, shop
Vaults:2: nicolae_vaults_oval_intersection, grunt_vaults_swirl,
          hangedman_vaults_variations, nicolae_vaults_layer_cake_slice,
          vaults_room_grunt_arrival_checkpoint, nicolae_vaults_angled_halls,
          nicolae_vaults_trapezoid_lopsided_3, nicolae_vaults_angled_halls,
          vaults_room_large_hall, vaults_room_corners, layout_vaults_big_room,
          serial_shops, shop, shop, nicolae_shop_hallway_plus,
          nicolae_lakefront_shop
Vaults:3: nicolae_vaults_quartermaster, grunt_vaults_bifocal,
          nicolae_vaults_cochlea, minmay_crypt_entry_nasty_monster, v_misc_15,
          nicolae_vaults_windows_and_doors_thing, v_alt_pattern_5,
          nicolae_vaults_cochlea, nicolae_vaults_tetromino_T_1,
          nicolae_vaults_three_branches, nicolae_vaults_storage_room_glass,
          layout_vaults_quadrants
Vaults:4: nicolae_vaults_diamond_2, nicolae_vaults_trapezoid_4,
          nicolae_vaults_network_star, nicolae_vaults_border_crossing,
          vaults_mumra_hexcomb, nicolae_vaults_tetromino_T_2, v_misc_27,
          nicolae_vaults_layer_cake_slice, layout_vaults_omnibox, serial_shops,
          nicolae_lakefront_shop
Depths:1: layout_honeycomb, enter_ziggurat_a, lightli_too_deep,
          minmay_misc_feat_tower, nicolae_abyss_entry_one_way_or_another,
          minmay_holes, kilobyte_rumbling_trees
Depths:2: hangedman_spin_cycle, hell_entry, pan_entry
Depths:3: minmay_the_grid_plus [minmay_the_grid_plusring,
          minmay_the_grid_diamond_grid, minmay_the_grid_all_tris,
          minmay_the_grid_x, minmay_the_grid_prize_big_room], layout_gridlike,
          hell_entry, abyss_entry, skrybe_limestone_x, minmay_misc_feat_square
Depths:4: evilmike_zot_entry_argh, layout_small_grid, lemuel_statue_altar,
          serial_shops, shop, hell_entry, chequers_serial_rivers_marsh,
          hangedman_decor_growths, st_stairs_7
Zot:1:    layout_gridlike
Zot:2:    grunt_twist_and_shout, layout_onion_interference, bh_zot_ikea_curve
Zot:3:    layout_misc_corridors, grunt_megastairs_1
Zot:4:    kennysheep_room_grid, layout_gridlike, st_single_dragon_hoard_3

Notes
Turn   | Place    | Note
-------+----------+-------------------------------------------
     0 | D:1      | Drazool the Spriggan Hunter began the quest for the Orb.
     0 | D:1      | Reached XP level 1. HP: 10/10 MP: 2/2
    37 | D:1      | Found Naptugru's Weapon Shop.
    54 | D:1      | Reached XP level 2. HP: 13/14 MP: 3/3
    66 | D:1      | Found Cekkay's Antique Armour Boutique.
    86 | D:1      | Found a faded altar of an unknown god.
   117 | D:1      | Found Etsebim's Antique Armour Boutique.
   152 | D:1      | You fall into a shaft and drop 1 floor!
   356 | D:1      | Reached skill level 5 in Ranged Weapons
   442 | D:2      | Reached XP level 3. HP: 18/18 MP: 4/4
   612 | D:2      | Found a bloodstained altar of Trog.
   792 | D:2      | Noticed Sigmund
  1845 | D:3      | Reached XP level 4. HP: 22/22 MP: 5/5
  1894 | D:4      | Reached skill level 6 in Ranged Weapons
  1925 | D:4      | Noticed a sky beast
  1929 | D:4      | Noticed a phantom
  1981 | D:4      | Killed a phantom
  1982 | D:4      | Reached XP level 5. HP: 25/25 MP: 6/6
  2024 | D:4      | Killed a sky beast
  2025 | D:4      | Reached skill level 7 in Ranged Weapons
  2025 | D:4      | Reached XP level 6. HP: 30/30 MP: 7/7
  2372 | D:4      | Found a glowing golden altar of the Shining One.
  2554 | D:5      | Entered Level 5 of the Dungeon
  2559 | D:5      | Noticed Ijyb
  2560 | D:5      | Noticed Blork the orc
  2582 | D:4      | Killed Ijyb
  2583 | D:4      | Reached skill level 8 in Ranged Weapons
  2751 | D:4      | Reached XP level 7. HP: 33/33 MP: 8/8
  3179 | D:5      | Reached skill level 9 in Ranged Weapons
  3206 | D:5      | Found a runed translucent gate.
  3206 | D:5      | Found a runed translucent gate.
  3206 | D:5      | Found a runed translucent gate.
  3206 | D:5      | Noticed Sleet's ghost (novice DrTm)
  3297 | D:5      | Noticed Pikel
  3434 | D:4      | Killed Pikel
  3435 | D:4      | Reached skill level 10 in Ranged Weapons
  3435 | D:4      | Reached XP level 8. HP: 37/37 MP: 9/9
  3501 | D:5      | Noticed Edmund
  3547 | D:5      | Killed Edmund
  3579 | D:5      | Found a snail-covered altar of Cheibriados.
  3851 | D:5      | Reached skill level 11 in Ranged Weapons
  3912 | D:5      | Killed Sleet's ghost
  4144 | D:6      | Found a runed translucent door.
  4145 | D:6      | Noticed Crazy Yiuf
  4978 | D:6      | Reached skill level 12 in Ranged Weapons
  5277 | D:6      | Reached XP level 9. HP: 41/41 MP: 10/10
  5401 | D:6      | Found a staircase to the Ecumenical Temple.
  5443 | Temple   | Entered the Ecumenical Temple
  5451 | Temple   | Became a worshipper of Fedhas Madash
  5603 | D:6      | Killed Blork the orc
  5894 | D:7      | Reached skill level 13 in Ranged Weapons
  6356 | D:7      | Reached * piety under Fedhas
  6634 | D:8      | Found a runed translucent gate.
  6634 | D:8      | Found a runed translucent gate.
  6634 | D:8      | Found a runed translucent gate.
  6641 | D:8      | Noticed Chodeload's ghost (novice DEWn)
  6724 | D:8      | Reached skill level 14 in Ranged Weapons
  7039 | D:8      | Found a burning altar of Makhleb.
  7283 | D:8      | Killed Chodeload's ghost
  7284 | D:8      | Reached XP level 10. HP: 46/46 MP: 11/11
  7371 | D:9      | Identified the ring of Kutoes {Fire Dex+5}
  7443 | D:9      | Found an iron altar of Okawaru.
  7471 | D:9      | Reached skill level 15 in Ranged Weapons
  7582 | D:9      | Reached ** piety under Fedhas
  8108 | D:10     | Entered Level 10 of the Dungeon
  8398 | D:10     | Reached skill level 16 in Ranged Weapons
  8402 | D:10     | Noticed a two-headed ogre
  8406 | D:10     | Killed a two-headed ogre
  8407 | D:10     | Reached skill level 2 in Fighting
  8407 | D:10     | Reached skill level 2 in Invocations
  8417 | D:10     | Found a staircase to the Lair.
  8430 | D:10     | Found Coekakk's Armour Shop.
  8527 | D:10     | Noticed a gargoyle
  8538 | D:10     | Killed a gargoyle
  8539 | D:10     | Reached skill level 3 in Fighting
  8539 | D:10     | Reached skill level 3 in Invocations
  8601 | D:10     | Noticed a rakshasa
  8601 | D:10     | Noticed a purple ugly thing
  8650 | D:10     | Reached skill level 4 in Invocations
  8680 | D:10     | Reached XP level 11. HP: 53/53 MP: 15/15
  8684 | D:9      | Reached skill level 4 in Fighting
  8752 | D:10     | Noticed a centaur warrior
  8812 | D:10     | Killed a centaur warrior
  8936 | D:10     | Reached skill level 5 in Invocations
  8966 | D:10     | Reached *** piety under Fedhas
  8967 | D:10     | Reached skill level 5 in Fighting
  9185 | D:10     | Noticed an ogre mage
  9216 | D:10     | Noticed a two-headed ogre
  9237 | D:10     | Killed an ogre mage
  9238 | D:10     | Reached skill level 6 in Invocations
  9259 | D:10     | Killed a rakshasa
  9293 | D:10     | Reached skill level 3 in Dodging
  9293 | D:10     | Reached skill level 2 in Stealth
  9335 | D:10     | Reached skill level 6 in Fighting
  9352 | D:10     | Killed a two-headed ogre
  9353 | D:10     | Reached skill level 4 in Dodging
  9353 | D:10     | Reached skill level 3 in Stealth
  9479 | D:10     | Found an ornate altar of the Wu Jian Council.
  9526 | D:10     | Killed a purple ugly thing
  9527 | D:10     | Reached skill level 5 in Dodging
  9649 | D:11     | Reached skill level 4 in Stealth
  9862 | D:11     | Found a runed translucent door.
  9865 | D:11     | Noticed ZoeForever1's ghost (journeyman DEAE)
  9892 | D:11     | Noticed a boulder beetle
 10024 | D:11     | Reached skill level 6 in Dodging
 10153 | D:11     | HP: 4/58 [boulder beetle (54)]
 10392 | D:11     | Killed a boulder beetle
 10393 | D:11     | Reached skill level 7 in Fighting
 10393 | D:11     | Reached skill level 5 in Stealth
 10393 | D:11     | Reached XP level 12. HP: 28/63 MP: 15/17
 10602 | D:11     | Found a staircase to the Orcish Mines.
 10717 | D:11     | Reached **** piety under Fedhas
 10879 | Lair:1   | Entered Level 1 of the Lair of Beasts
 10944 | Lair:1   | Reached skill level 7 in Dodging
 10988 | Lair:1   | Reached skill level 6 in Stealth
 11090 | Lair:1   | Reached skill level 8 in Dodging
 11426 | Lair:2   | Noticed Urug
 11458 | Lair:1   | Reached skill level 7 in Stealth
 11463 | Lair:1   | Reached skill level 8 in Fighting
 11526 | Lair:2   | Noticed a seven-headed hydra
 11629 | Lair:1   | Killed a seven-headed hydra
 11630 | Lair:1   | Reached skill level 9 in Dodging
 12026 | Lair:2   | Killed Urug
 12027 | Lair:2   | Reached skill level 8 in Stealth
 12034 | Lair:2   | Reached skill level 10 in Dodging
 12086 | Lair:2   | Noticed a boulder beetle
 12116 | Lair:2   | Killed a boulder beetle
 12315 | Lair:2   | Found a hole to the Spider Nest.
 12553 | Lair:2   | Reached ***** piety under Fedhas
 12598 | Lair:2   | Reached skill level 9 in Fighting
 12729 | Lair:2   | Reached XP level 13. HP: 55/70 MP: 18/18
 12789 | Lair:2   | Found a runed translucent door.
 12795 | Lair:2   | Noticed a reaper
 12917 | Lair:2   | Reached skill level 11 in Dodging
 12917 | Lair:2   | Reached skill level 9 in Stealth
 13061 | Lair:3   | Reached skill level 1 in Evocations
 13197 | Lair:3   | Reached skill level 2 in Evocations
 13224 | Lair:3   | Reached skill level 7 in Invocations
 13283 | Lair:3   | Found a staircase to the Swamp.
 13438 | Lair:3   | Reached skill level 3 in Evocations
 13555 | Lair:3   | Noticed Kirke
 13587 | Lair:3   | Killed Kirke
 14156 | Lair:4   | Reached skill level 4 in Evocations
 14348 | Lair:4   | Reached skill level 10 in Fighting
 14460 | Lair:4   | Noticed Snorg
 14474 | Lair:4   | Killed Snorg
 14618 | Lair:4   | Reached skill level 5 in Evocations
 14687 | Lair:4   | Reached skill level 8 in Invocations
 15105 | Lair:5   | Entered Level 5 of the Lair of Beasts
 15226 | Lair:5   | Found a blossoming altar of Fedhas.
 15337 | Lair:5   | Reached skill level 6 in Evocations
 15506 | Lair:5   | Reached skill level 11 in Fighting
 15600 | Lair:5   | Found a burning altar of Makhleb.
 15628 | Lair:5   | Reached skill level 9 in Invocations
 15733 | Lair:5   | Reached XP level 14. HP: 79/79 MP: 21/21
 15876 | Lair:5   | Reached skill level 12 in Dodging
 15899 | Lair:4   | Reached ****** piety under Fedhas
 15932 | Lair:5   | Found a staircase to the Slime Pits.
 15938 | Lair:5   | Found a viscous altar of Jiyva.
 16637 | Lair:5   | Found a gateway to Hell.
 16817 | Orc:1    | Entered Level 1 of the Orcish Mines
 16822 | Orc:1    | Reached skill level 13 in Dodging
 16898 | Orc:2    | Entered Level 2 of the Orcish Mines
 17841 | Orc:2    | Noticed Sonja
 17879 | Orc:1    | Killed Sonja
 17880 | Orc:1    | Reached skill level 7 in Evocations
 17960 | Orc:2    | Found a staircase to the Elven Halls.
 18603 | Orc:2    | Found Inukef Vuely's Magic Scroll Emporium.
 18618 | Orc:2    | Reached skill level 8 in Evocations
 18633 | Orc:2    | Bought a scroll of identify for 26 gold pieces
 18633 | Orc:2    | Bought a scroll of identify for 26 gold pieces
 18633 | Orc:2    | Bought a scroll of identify for 26 gold pieces
 18633 | Orc:2    | Bought a scroll of identify for 26 gold pieces
 18633 | Orc:2    | Bought a scroll of identify for 26 gold pieces
 18799 | Orc:2    | Found Ogyst's Antique Weapon Shoppe.
 18810 | Orc:2    | Bought a glowing orcbow for 169 gold pieces
 18825 | Orc:2    | Found a radiant altar of Vehumet.
 18902 | Orc:2    | Noticed Nergalle
 19077 | Orc:2    | Found an ancient bone altar of Kikubaaqudgha.
 19132 | Orc:2    | Killed Nergalle
 19231 | Orc:2    | Reached skill level 9 in Evocations
 19261 | Orc:2    | Found Hevvum's Book Emporium.
 19300 | Orc:2    | Found Yshibuukkur's Magic Scroll Shoppe.
 19312 | Orc:2    | Bought a scroll of enchant armour for 82 gold pieces
 19312 | Orc:2    | Bought a scroll of enchant weapon for 82 gold pieces
 19312 | Orc:2    | Bought a scroll of identify for 22 gold pieces
 20071 | D:12     | Reached skill level 12 in Fighting
 20119 | D:12     | Reached skill level 10 in Evocations
 20175 | D:12     | Found a frozen archway.
 20184 | IceCv    | Entered an ice cave
 20887 | IceCv    | Noticed a frost giant
 20901 | IceCv    | Killed a frost giant
 20932 | IceCv    | Reached XP level 15. HP: 85/85 MP: 21/23
 22051 | D:12     | Identified the +3 arbalest "Zoic" {freeze, rF+ Dex+2}
 22164 | D:13     | Reached skill level 10 in Invocations
 22312 | D:13     | Found a transporter.
 22314 | D:13     | Found a transporter.
 22406 | D:13     | Reached skill level 13 in Fighting
 22428 | D:13     | Found a transporter.
 22484 | D:13     | Found a transporter.
 22608 | D:13     | Identified a +2 robe of resistance
 22710 | D:13     | Found a gate to the Vaults.
 22851 | D:13     | Identified a potion of resistance
 22865 | D:14     | Found a broken altar of Ashenzari.
 23113 | D:14     | Noticed Lodul
 23115 | D:14     | Killed Lodul
 23791 | D:15     | Entered Level 15 of the Dungeon
 23856 | D:15     | Reached skill level 11 in Invocations
 24259 | D:15     | Found a staircase to the Depths.
 24784 | Swamp:1  | Entered Level 1 of the Swamp
 25037 | Swamp:2  | Reached skill level 17 in Ranged Weapons
 25331 | Swamp:2  | Reached XP level 16. HP: 92/92 MP: 25/25
 25428 | Swamp:2  | Noticed Aizul
 25642 | Swamp:2  | Noticed Donald
 25643 | Swamp:2  | Killed Aizul
 25802 | Swamp:2  | Killed Donald
 25873 | Swamp:1  | Reached skill level 12 in Invocations
 25875 | Swamp:1  | HP: 8/92 [will-o-the-wisp/foxfire (11)]
 26070 | Swamp:2  | Reached skill level 14 in Fighting
 26484 | Swamp:2  | Noticed Frances
 26493 | Swamp:2  | Killed Frances
 26798 | Swamp:3  | Noticed Mara
 26839 | Swamp:3  | Killed Mara
 27597 | Spider:1 | Entered Level 1 of the Spider Nest
 28109 | Spider:1 | Reached skill level 13 in Invocations
 28411 | Spider:1 | Reached skill level 18 in Ranged Weapons
 29139 | Spider:1 | HP: 9/93 [poisoned by a redback]
 29941 | Spider:2 | Identified the ring "Zafek" {rC+ Int+3 Dex+5}
 30192 | Spider:2 | Reached skill level 15 in Fighting
 30387 | Spider:2 | Reached XP level 17. HP: 99/99 MP: 28/28
 30581 | Spider:2 | Reached skill level 14 in Invocations
 31476 | Spider:3 | Noticed Azrael
 31496 | Spider:3 | Killed Azrael
 32152 | Spider:3 | Noticed Asterion
 32182 | Spider:3 | Killed Asterion
 32480 | Spider:3 | Found a hide-covered altar of Uskayaw.
 32603 | Spider:4 | Entered Level 4 of the Spider Nest
 32676 | Spider:4 | Reached skill level 15 in Invocations
 33147 | Spider:4 | Reached skill level 16 in Fighting
 33165 | Spider:4 | Reached skill level 10 in Stealth
 33623 | Spider:4 | Reached skill level 11 in Stealth
 33926 | Spider:4 | Reached XP level 18. HP: 105/105 MP: 30/30
 34037 | Spider:4 | Reached skill level 12 in Stealth
 34254 | Spider:4 | Got a gossamer rune of Zot
 35108 | Swamp:1  | Reached skill level 16 in Invocations
 35293 | Swamp:4  | Entered Level 4 of the Swamp
 35482 | Swamp:4  | Reached skill level 13 in Stealth
 37302 | Swamp:4  | Reached skill level 14 in Stealth
 37893 | Swamp:4  | Got a decaying rune of Zot
 38168 | Elf:1    | Entered Level 1 of the Elven Halls
 38170 | Elf:1    | Reached skill level 17 in Fighting
 38216 | Elf:1    | Identified the +6 morningstar "Gekit" {flame, Stlth+}
 38545 | Vaults:1 | Entered Level 1 of the Vaults
 38587 | Vaults:1 | Found a runed translucent door.
 38642 | Vaults:1 | Reached skill level 15 in Stealth
 39342 | Vaults:1 | Found Panaalo's Jewellery Emporium.
 39347 | Vaults:1 | Bought the amulet of Jemiagi {Harm rElec Regen+} for 704
                  | gold pieces
 39424 | Vaults:1 | Reached skill level 17 in Invocations
 39599 | Vaults:1 | Reached XP level 19. HP: 112/112 MP: 32/32
 39721 | Vaults:1 | Identified the +2 arbalest of Perversion {antimagic, Fly
                  | rF+ Int+2 Dex-5}
 39817 | Vaults:1 | Reached skill level 16 in Stealth
 40631 | Vaults:2 | Found Podah's Jewellery Shoppe.
 40633 | Vaults:2 | Found Ushaarph's Antique Armour Boutique.
 40673 | Vaults:2 | Found Nawkeb's Magic Scroll Emporium.
 40680 | Vaults:2 | Bought a scroll of blinking for 157 gold pieces
 40897 | Vaults:2 | Found Xoss's Antique Weapon Boutique.
 40907 | Vaults:2 | Bought an encrusted arbalest for 228 gold pieces
 40907 | Vaults:2 | Identified the +1 arbalest "Fikemo" {elec, rPois rC+ Int+4}
                  | (You bought it in a shop on level 2 of the Vaults)
 41196 | Vaults:1 | Reached skill level 14 in Dodging
 41737 | Vaults:2 | Reached skill level 15 in Dodging
 42061 | Vaults:3 | Noticed a bone dragon
 42093 | Vaults:3 | Killed a bone dragon
 42130 | Vaults:3 | Found a staircase to the Crypt.
 42304 | Vaults:3 | Reached skill level 16 in Dodging
 42346 | Vaults:3 | Upgraded the game from 0.31-a0-115-g4708a659fe to
                  | 0.31-a0-117-g42d8f58691
 42934 | Vaults:3 | Reached skill level 17 in Dodging
 43913 | Vaults:4 | Found Inotuow's General Store.
 44017 | Vaults:4 | Reached XP level 20. HP: 119/119 MP: 33/33
 44113 | Vaults:4 | Reached skill level 18 in Dodging
 44708 | Vaults:4 | Reached skill level 18 in Invocations
 44742 | Vaults:4 | Learned a level 2 spell: Blink
 45066 | Orc:2    | Bought a book of the Hunter for 390 gold pieces
 45070 | Orc:2    | Learned a level 3 spell: Portal Projectile
 45417 | Vaults:4 | Reached skill level 1 in Translocations
 45435 | Vaults:4 | Reached skill level 1 in Hexes
 45435 | Vaults:4 | Reached skill level 2 in Translocations
 45549 | Vaults:4 | Reached skill level 3 in Translocations
 45554 | Vaults:4 | Reached skill level 2 in Hexes
 45561 | Vaults:4 | Reached skill level 4 in Translocations
 45566 | Vaults:4 | Reached skill level 5 in Translocations
 45572 | Vaults:4 | Reached skill level 3 in Hexes
 46703 | Depths:1 | Entered Level 1 of the Depths
 46759 | Depths:1 | Reached skill level 6 in Translocations
 46790 | Depths:1 | Found a one-way gateway to a ziggurat.
 46851 | Depths:1 | Reached skill level 4 in Hexes
 46851 | Depths:1 | Reached skill level 7 in Translocations
 47241 | Depths:1 | Reached skill level 8 in Translocations
 47270 | Depths:1 | Found a one-way gate to the infinite horrors of the Abyss.
 47271 | Depths:1 | Noticed Louise
 47305 | Depths:1 | Killed Louise
 47633 | Depths:1 | Reached skill level 5 in Hexes
 47706 | Depths:1 | Identified a scroll of acquirement
 47709 | Depths:1 | Acquired the +2 cloak "Qousocra" {rPois Regen+ Str-2
                  | Slay+5}
 47900 | Depths:1 | Reached skill level 9 in Translocations
 48146 | Depths:1 | Identified a +1 robe of the Archmagi
 48428 | Depths:2 | Found a transporter.
 48450 | Depths:2 | Identified the ring "Nyut" {Fly rPois rF++ Int-4}
 48489 | Depths:2 | Noticed a golden dragon
 48502 | Depths:2 | Killed a golden dragon
 48568 | Depths:2 | Found a one-way gate leading to the halls of Pandemonium.
 48600 | Depths:2 | Noticed a golden dragon
 48620 | Depths:2 | Killed a golden dragon
 48704 | Depths:2 | Learned a level 7 spell: Enfeeble
 48872 | Depths:2 | Identified the ring "Zomuet" {EV+5 Int+3}
 48880 | Depths:2 | Noticed a golden dragon
 48913 | Depths:2 | Killed a golden dragon
 48914 | Depths:2 | Reached skill level 6 in Hexes
 49037 | Depths:2 | Found Seffepe's General Store.
 49045 | Depths:2 | Reached skill level 19 in Ranged Weapons
 49077 | Depths:2 | Noticed a golden dragon
 49092 | Depths:2 | Killed a golden dragon
 49116 | Depths:2 | Reached XP level 21. HP: 123/123 MP: 35/35
 49150 | Depths:2 | Reached skill level 7 in Hexes
 49179 | Depths:2 | Identified the ring of the Evening {rN+++ rCorr Str+3 SInv}
 49254 | Depths:2 | Noticed Sojobo
 49307 | Depths:2 | Killed Sojobo
 49308 | Depths:2 | Reached skill level 8 in Hexes
 49375 | Depths:2 | Found Eqaovum's Armour Boutique.
 49686 | Depths:2 | Reached skill level 9 in Hexes
 49707 | Depths:2 | Found a transporter.
 49709 | Depths:2 | Identified the ring "Gagh" {rC++ Str+6 Dex+2}
 50102 | Depths:3 | Reached skill level 10 in Hexes
 50280 | Depths:3 | Reached skill level 20 in Ranged Weapons
 50411 | Depths:3 | Reached skill level 11 in Hexes
 51078 | Depths:3 | Reached skill level 12 in Hexes
 51151 | Depths:4 | Entered Level 4 of the Depths
 51829 | Depths:4 | Noticed a golden dragon
 52194 | Depths:4 | Found Fiweamou's Weapon Shop.
 52324 | Depths:4 | Reached skill level 13 in Hexes
 52381 | Depths:4 | Found an opulent altar of Gozag.
 52431 | Depths:4 | Killed a golden dragon
 52432 | Depths:4 | Reached XP level 22. HP: 128/128 MP: 36/36
 52503 | Depths:4 | Reached skill level 21 in Ranged Weapons
 52525 | Depths:4 | Found a gate to the Realm of Zot.
 54189 | Depths:3 | Voluntarily entered the Abyss.
 54872 | Abyss:2  | Reached skill level 14 in Hexes
 54928 | Abyss:2  | Found a corrupted altar of Lugonu.
 54989 | Abyss:3  | Found a corrupted altar of Lugonu.
 55518 | Abyss:3  | Found a corrupted altar of Lugonu.
 55677 | Abyss:3  | Found a corrupted altar of Lugonu.
 55726 | Abyss:3  | Found a corrupted altar of Lugonu.
 55828 | Abyss:3  | Found a corrupted altar of Lugonu.
 55926 | Abyss:3  | Reached skill level 15 in Hexes
 56340 | Abyss:3  | Got an abyssal rune of Zot
 56449 | Abyss:3  | Reached skill level 22 in Ranged Weapons
 56471 | Abyss:3  | Found a corrupted altar of Lugonu.
 56562 | Abyss:3  | Reached skill level 16 in Hexes
 56571 | Depths:3 | You pass through the gate.
 56571 | Depths:3 | Escaped the Abyss
 56659 | Zot:1    | Entered Level 1 of the Realm of Zot
 56659 | Zot:1    | Noticed a golden dragon
 56664 | Zot:1    | Killed a golden dragon
 57112 | Zot:1    | Identified the +5 spear of Kyjo {drain, rPois Str-4 SInv}
 57667 | Zot:2    | Noticed a golden dragon
 57682 | Zot:2    | Killed a golden dragon
 57906 | Zot:2    | Reached skill level 17 in Hexes
 57906 | Zot:2    | Reached XP level 23. HP: 133/133 MP: 28/37
 58323 | Zot:3    | Noticed an orb of fire
 58814 | Zot:2    | Reached skill level 23 in Ranged Weapons
 58945 | Zot:3    | Reached skill level 18 in Hexes
 59139 | Zot:3    | Killed an orb of fire
 59452 | Zot:3    | HP: 5/133 [death cob (27)]
 59452 | Zot:3    | Slain by a death cob

Vanquished Creatures
  Mara (Swamp:3)
  7 golden dragons
  4 bone dragons
  3 tentacled monstrosities
  A walking earthen tome (Depths:2)
  2 liches
  A titan (Depths:3)
  6 quicksilver dragons
  Asterion (Spider:3)
  A walking divine tome (Depths:3)
  A death cob (Zot:1)
  A walking frostbound tome (Depths:2)
  An Executioner (Abyss:3)
  8 tentacled starspawn (Abyss:3)
  Frances (Swamp:2)
  6 shadow dragons
  5 sphinxes
  8 storm dragons
  Kirke (Lair:3)
  Donald (Swamp:2)
  8 tengu reavers
  3 draconian monks (Zot:2)
  8 fire giants
  2 fenstrider witches
  Aizul (Swamp:2)
  9 emperor scorpions
  3 draconian knights
  7 frost giants
  7 vault wardens
  Louise (Depths:1)
  A balrug (Depths:1)
  6 ghost moths
  12 ironbound preservers
  A draconian shifter (Zot:3)
  An orc warlord (Vaults:1)
  A war gargoyle (Vaults:1)
  6 ironbound thunderhulks
  3 spriggan defenders
  5 draconian stormcallers
  4 draconian annihilators (Zot:2)
  6 stone giants
  A cacodemon (Abyss:3)
  17 very ugly things
  4 broodmothers
  9 black draconians
  4 vampire knights
  7 green draconians
  8 eleionomae
  Azrael (Spider:3)
  12 dire elephants (Vaults:3)
  6 spark wasps
  8 purple draconians
  6 red draconians
  3 yellow draconians
  9 white draconians
  4 bunyips
  A blizzard demon (Abyss:3)
  A spark wasp (shapeshifter) (Depths:3)
  4 deep elf death magi (Depths:2)
  Snorg (Lair:4)
  2 crystal guardians
  10 ettins
  7 fire dragons
  3 entropy weavers
  10 great orbs of eyes
  8 yaktaur captains
  15 ice dragons
  9 vault guards
  3 spriggan air magi
  6 rakshasas
  7 ogre magi
  14 ironbound frosthearts
  26 hydras
  An anaconda (Lair:5)
  A hell beast (Lair:5)
  5 radroaches
  8 boulder beetles
  A jorogumo (Spider:4)
  3 two-headed ogres
  3 peacekeepers
  A ghost crab (Swamp:2)
  5 death yaks (IceCv)
  5 centaur warriors
  7 alligators
  4 deep troll shamans (Depths:2)
  Urug (Lair:2)
  A vampire mage (Depths:1)
  An orc high priest (Orc:1)
  A tengu warrior (Depths:2)
  8 spriggan berserkers
  A dancing weapon (Elf:1)
  12 hell knights
  3 sun demons
  7 thrashing horrors (Abyss:3)
  5 deep troll earth magi
  19 spriggans
  Nergalle (Orc:2)
  Sonja (Orc:1)
  5 sun moths
  A deep elf knight (Elf:1)
  13 skeletal warriors
  5 iron trolls
  5 goliath frogs
  2 spatial maelstroms (Abyss:3)
  6 wretched stars (Abyss:3)
  Lodul (D:14)
  50 deep trolls
  8 pharaoh ants
  4 flayed ghosts
  8 swamp dragons
  9 orb spiders
  A deep elf archer (Elf:1)
  A death drake (Swamp:3)
  5 glowing orange brains
  13 ironbound convokers
  5 bog bodies
  9 steelbarb worms
  4 wizards
  7 spriggan druids
  11 lindwurms
  6 orc knights
  2 harpies (Vaults:3)
  4 phantasmal warriors
  Pikel (D:4)
  6 deep elf pyromancers
  5 deep elf zephyrmancers (Elf:1)
  A fire giant zombie (D:15)
  8 orc sorcerers
  24 ugly things
  A tengu zombie (D:15)
  15 wolf spiders
  4 necromancers
  A tengu skeleton (Vaults:2)
  A manticore (shapeshifter) (Depths:3)
  18 moths of wrath
  A cyclops (shapeshifter) (Depths:3)
  A human zombie (Vaults:2)
  An iron dragon skeleton (D:15)
  2 manticores
  6 cyclopes
  A stone giant skeleton (D:15)
  5 will-o-the-wisps
  2 rust devils (Abyss:1)
  2 worldbinders
  5 black mambas
  The ghost of Chodeload the Chiller, a novice DEWn of Vehumet (D:8)
  3 elephants (Lair:4)
  The ghost of Sleet the Changer, a novice DrTm of Cheibriados (D:5)
  An ice statue (IceCv)
  3 gargoyles
  A guardian serpent (shapeshifter) (D:13)
  3 orange demons
  6 smoke demons
  A dire elephant zombie (Abyss:3)
  A fire giant skeleton (Vaults:2)
  2 unseen horrors
  14 demonic crawlers
  12 vault sentinels
  17 cane toads
  2 torpor snails
  11 rime drakes
  A kobold demonologist (D:10)
  3 efreet
  8 komodo dragons
  2 yaktaurs (shapeshifter)
  18 yaktaurs
  3 silent spectres (Abyss:3)
  4 bloated husks
  2 ice devils (Lair:5)
  2 tengu conjurers
  3 meliai
  7 ancient zymes
  A guardian mummy (D:15)
  A red devil (Lair:5)
  7 trolls
  10 polar bears
  7 tyrant leeches
  A tarantella (shapeshifter) (D:15)
  18 hornets
  27 tarantellas
  6 raiju (Abyss:3)
  16 blink frogs
  31 jumping spiders
  42 slime creatures
  2 shadows (D:10)
  2 water elementals
  20 culicivoras
  2 ynoxinuls (Abyss:3)
  An ettin skeleton (Abyss:3)
  A wraith (D:13)
  A human (Lair:2)
  A fire elemental (Spider:3)
  6 basilisks
  3 golden eyes (Abyss:3)
  3 hogs (Lair:3)
  4 wyverns
  9 starcursed masses
  5 fire bats
  12 vampire mosquitoes
  70 yaks
  43 redbacks
  3 steam dragons
  2 chaos spawn (Abyss:3)
  6 spatial vortices (Abyss:3)
  2 wargs (Orc:1)
  Edmund (D:5)
  A glowing shapeshifter zombie (Vaults:2)
  10 swamp worms
  16 large abominations
  10 water moccasins
  An acid dragon (D:10)
  19 small abominations
  9 hell hounds
  5 floating eyes
  22 orc warriors
  7 swamp drakes
  3 black bears
  2 sky beasts
  4 boggarts (Vaults:3)
  An ice beast (D:7)
  15 ogres
  26 wolves
  5 centaurs
  A phantom (D:4)
  A lemure (D:4)
  Blork the orc (D:6)
  8 kobold brigands
  10 bullfrogs
  7 scorpions
  2 gnoll sergeants
  11 wights
  4 killer bees
  A troll skeleton (D:11)
  4 howler monkeys
  5 spriggan skeletons (D:11)
  4 electric eels
  8 jellies
  A quasit (Abyss:3)
  A crimson imp (D:8)
  2 hounds
  9 orc priests
  3 iron imps
  5 iguanas
  Ijyb (D:4)
  37 orc wizards
  9 adders
  11 gnolls
  A shadow imp (D:6)
  3 white imps
  2 ufetubi
  3 worms (Lair:2)
  3 dart slugs (D:1)
  56 orcs
  3 ball pythons
  5 endoplasms
  2 giant cockroaches
  3 goblins
  6 hobgoblins
  5 jackals
  4 quokkas
  5 bats
  2 frilled lizards
  30 kobolds
  2 rats (D:1)
  A butterfly (Lair:3)
  5 starspawn tentacles (Abyss:3)
1723 creatures vanquished.

Vanquished Creatures (collateral kills)
  An orb of fire (Zot:3)
  Sojobo (Depths:2)
  A sphinx (Vaults:3)
  An ironbound preserver (Vaults:4)
  A vault warden (Vaults:4)
  2 spark wasps (Spider:4)
  A yaktaur captain (Vaults:4)
  A hydra (Swamp:4)
  A spriggan air mage (Depths:1)
  A radroach (Spider:4)
  A death yak (IceCv)
  A spriggan berserker (Depths:1)
  A deep elf knight (Swamp:2)
  An orb spider (Spider:4)
  3 deep trolls (Vaults:4)
  A harpy (Vaults:3)
  A wolf spider (Spider:3)
  An ugly thing (Depths:4)
  A moth of wrath (Spider:3)
  A yaktaur (Vaults:4)
  2 rime drakes (IceCv)
  3 tarantellas
  2 culicivoras
  A fire elemental (Spider:3)
  5 redbacks
  A water moccasin (shapeshifter) (Depths:4)
  A water moccasin (Lair:2)
  A wolf (IceCv)
  6 ballistomycete spores
45 creatures vanquished.

Vanquished Creatures (others)
  A draconian scorcher (Abyss:3)
  A very ugly thing (Abyss:3)
  A shambling mangrove (Swamp:4)
  A hydra (Swamp:4)
  A spriggan air mage (Depths:1)
  A swamp dragon (Swamp:4)
  A blink frog (Abyss:3)
  3 large abominations (Abyss:3)
  A ynoxinul (Abyss:3)
  An iron imp (Abyss:3)
  20 foxfires
  12 starspawn tentacles (Abyss:3)
44 creatures vanquished.

Grand Total: 1812 creatures vanquished

Table legend: (Time is in decaauts)
 A = Elapsed time spent in this place.
 B = Non-inter-level travel time spent in this place.
 C = Inter-level travel time spent in this place.
 D = Time resting spent in this place.
 E = Time spent auto-exploring this place.
 F = Levels seen in this place.
 G = Mean time per level.
                   A        B        C        D        E       F      G
               +--------+--------+--------+--------+--------+-----+--------+
         Total |  44333 |  39930 |   4403 |   9897 |  15974 |  48 |  923.6 |
       Dungeon |  11835 |  10322 |   1513 |   2065 |   5149 |  15 |  789.0 |
        Temple |     10 |      5 |      5 |      0 |      0 |   1 |   10.0 |
          Lair |   4706 |   4182 |    524 |    918 |   1817 |   5 |  941.2 |
         Swamp |   5538 |   5150 |    388 |   2505 |   1597 |   4 | 1384.5 |
   Spider Nest |   5342 |   4842 |    500 |   2085 |   1297 |   4 | 1335.5 |
  Orcish Mines |   2433 |   2120 |    313 |    555 |    696 |   2 | 1216.5 |
   Elven Halls |    201 |    183 |     18 |    113 |     15 |   1 |  201.0 |
        Vaults |   4949 |   4359 |    590 |    500 |   2000 |   4 | 1237.2 |
        Depths |   4874 |   4505 |    369 |    599 |   1394 |   4 | 1218.5 |
           Zot |   2022 |   1843 |    179 |    239 |    796 |   4 |  505.5 |
         Abyss |   1650 |   1650 |      0 |      0 |   1049 |   3 |  550.0 |
      Ice Cave |    769 |    769 |      0 |    317 |    161 |   1 |  769.0 |
               +--------+--------+--------+--------+--------+-----+--------+

Top non-repeatable levels by time:
 Swamp:3: 2337 daAuts
Spider:1: 2078 daAuts
Vaults:1: 1538 daAuts
Depths:3: 1512 daAuts
   Orc:2: 1411 daAuts
Spider:3: 1344 daAuts
 Swamp:2: 1317 daAuts
Depths:2: 1292 daAuts
Vaults:3: 1290 daAuts
     D:5: 1264 daAuts
 Swamp:1: 1262 daAuts
Spider:4: 1244 daAuts
    D:10: 1234 daAuts
    D:11: 1145 daAuts
 Abyss:3: 1142 daAuts

Table legend:
 A = Non-vault XP
 B = Vault XP
 C = Vault XP percentage of total XP
 D = Non-vault monster count
 E = Vault monster count
 F = Vault count percentage of total count
                 A         B        C        D         E       F
            +---------+---------+-------+---------+---------+-------
      Total |  512260 |  384614 |  42.9 |    1178 |     572 |  32.7
            +---------+---------+-------+---------+---------+-------
        D:1 |      40 |       0 |   0.0 |      20 |       0 |   0.0
        D:2 |      29 |       0 |   0.0 |       9 |       0 |   0.0
        D:3 |      57 |       0 |   0.0 |       9 |       0 |   0.0
        D:4 |     472 |     655 |  58.1 |      22 |       3 |  12.0
        D:5 |     437 |     704 |  61.7 |      14 |      10 |  41.7
        D:6 |     835 |      94 |  10.1 |      24 |       1 |   4.0
        D:7 |    1056 |       0 |   0.0 |      25 |       0 |   0.0
        D:8 |     745 |     501 |  40.2 |       8 |       2 |  20.0
        D:9 |    2008 |       0 |   0.0 |      21 |       0 |   0.0
       D:10 |    3956 |    8018 |  67.0 |      22 |      24 |  52.2
       D:11 |    2735 |     717 |  20.8 |      15 |       7 |  31.8
       D:12 |    8916 |     766 |   7.9 |      32 |       2 |   5.9
       D:13 |    8643 |    2317 |  21.1 |      22 |       4 |  15.4
       D:14 |    8248 |    3345 |  28.9 |      17 |       9 |  34.6
       D:15 |   11614 |    4603 |  28.4 |      24 |       8 |  25.0
     Lair:1 |    8229 |     485 |   5.6 |      35 |       2 |   5.4
     Lair:2 |    5477 |    3140 |  36.4 |      21 |      14 |  40.0
     Lair:3 |    6420 |    2149 |  25.1 |      24 |       7 |  22.6
     Lair:4 |    6821 |     933 |  12.0 |      27 |       1 |   3.6
     Lair:5 |    6216 |    8896 |  58.9 |      23 |      29 |  55.8
    Swamp:1 |   10805 |    4715 |  30.4 |      19 |       6 |  24.0
    Swamp:2 |   14971 |    9217 |  38.1 |      25 |      11 |  30.6
    Swamp:3 |   15598 |    8619 |  35.6 |      22 |      10 |  31.2
    Swamp:4 |   10665 |   13247 |  55.4 |      23 |      19 |  45.2
   Spider:1 |   17036 |    2387 |  12.3 |      46 |       3 |   6.1
   Spider:2 |   15692 |    3323 |  17.5 |      42 |       4 |   8.7
   Spider:3 |   21799 |    5476 |  20.1 |      48 |      15 |  23.8
   Spider:4 |   19537 |   23444 |  54.5 |      43 |      38 |  46.9
      Orc:1 |    4157 |     778 |  15.8 |      43 |       1 |   2.3
      Orc:2 |    2559 |    8370 |  76.6 |      26 |      34 |  56.7
      Elf:1 |    6619 |    2330 |  26.0 |      11 |       4 |  26.7
   Vaults:1 |   15864 |   22264 |  58.4 |      27 |      28 |  50.9
   Vaults:2 |   19634 |   12816 |  39.5 |      38 |      19 |  33.3
   Vaults:3 |   14266 |   29952 |  67.7 |      20 |      34 |  63.0
   Vaults:4 |   31000 |   19978 |  39.2 |      45 |      26 |  36.6
   Depths:1 |   22366 |    5345 |  19.3 |      30 |       8 |  21.1
   Depths:2 |    1873 |   80223 |  97.7 |       2 |      73 |  97.3
   Depths:3 |   41368 |   16661 |  28.7 |      46 |      17 |  27.0
   Depths:4 |   25341 |   16119 |  38.9 |      32 |      14 |  30.4
      Zot:1 |   19386 |    2548 |  11.6 |      16 |       3 |  15.8
      Zot:2 |   18293 |   29253 |  61.5 |      17 |      30 |  63.8
      Zot:3 |   15081 |    7262 |  32.5 |      13 |       3 |  18.8
      Zot:4 |    1870 |       0 |   0.0 |       2 |       0 |   0.0
    Abyss:1 |    1566 |       0 |   0.0 |       6 |       0 |   0.0
    Abyss:2 |    4755 |       0 |   0.0 |      16 |       0 |   0.0
    Abyss:3 |   57205 |    9977 |  14.9 |     106 |      13 |  10.9
      IceCv |       0 |   12987 | 100.0 |       0 |      36 | 100.0
            +---------+---------+-------+---------+---------+-------
